 Dungeon Crawl Stone Soup version 0.17-a0-473-gfd9ac06 (webtiles) character file.

61 Ololoev the Slasher (level 3, -10/29 HPs)
             Began as a Mummy Chaos Knight on Apr 7, 2015.
             Killed by the capriciousness of Xom (39 damage)
             ... on level 2 of the Dungeon.
             The game lasted 00:05:42 (1543 turns).

Ololoev the Slasher (Mummy Chaos Knight)            Turns: 1543, Time: 00:05:45

Health: -10/29     AC:  7    Str: 16    XL:     3   Next: 83%
Magic:  3/3        EV: 11    Int: 11    God:    Xom [.*....]
Gold:   64         SH:  0    Dex: 11    Spells: 0 memorised, 2 levels left

rFire  x . .     SeeInvis +     a - +1 falchion (chaos)
rCold  + . .     Clarity  .     b - +2 leather armour
rNeg   + + +     SustAb   .     (no shield)
rPois  ∞         Gourm    .     e - +2 hat
rElec  .         Spirit   .     (no cloak)
rCorr  .         Warding  .     (no gloves)
rMut   .         Stasis   .     (no boots)
MR     .....                    (no amulet)
Stlth  +.........               (no ring)
                                h - ring of see invisible

@: not resistant to hostile enchantments, very unstealthy
A: no food or potions, fire vulnerability, cold resistance 1, negative energy
resistance 3, torment resistance, unbreathing
a: Renounce Religion


Innate Abilities, Weirdness & Mutations

You do not eat or drink.
Your flesh is vulnerable to fire.
You are immune to poison.
Your flesh is cold resistant.
You are immune to negative energy.
You are immune to unholy pain and torment.
You can survive without breathing.

Inventory:

Hand weapons
 a - a +1 falchion of chaos (weapon)
Missiles
 g - a throwing net (quivered)
Armour
 b - a +2 leather armour (worn)
 e - a +2 hat (worn)
Jewellery
 d - an uncursed ring of teleportation
 h - a ring of see invisible (left hand)
Scrolls
 c - 2 scrolls of immolation
 f - a scroll of enchant weapon
 i - a scroll of fog {unknown}
 j - 2 scrolls of remove curse
 k - a scroll of fear {unknown}


   Skills:
 - Level 3.0 Fighting
 * Level 3.7 Long Blades
 - Level 2.0 Armour
 - Level 0.7 Dodging


You had 2 spell levels left.
You didn't know any spells.


You were on level 2 of the Dungeon.
You worshipped Xom.
You were a BORING thing.
You were not hungry.

You visited 1 branch of the dungeon, and saw 2 of its levels.

You collected 64 gold pieces.

...# #......##
#.#....# ####
###...## #.####.#
# ##'## #.####.# #
####÷### #......#
#...>..# ######.#
#.##.#.# #.#
#.#....# #.# #####
#......#########.#
#...#
#..###....@......#
#...# #..#
#.###########
....###..###.#
##...........#
######......#
########

Notes
Turn   | Place    | Note
--------------------------------------------------------------
     0 | D:1      | Ololoev, the Mummy Chaos Knight, began the quest for the Orb.
     0 | D:1      | Reached XP level 1. HP: 18/18 MP: 1/1
   123 | D:1      | Reached XP level 2. HP: 12/24 MP: 2/2
   669 | D:2      | Reached XP level 3. HP: 13/29 MP: 3/3
   894 | D:2      | Found an iron altar of Okawaru.
   904 | D:2      | XOM: confuse monster(s)
   958 | D:2      | Found a radiant altar of Vehumet.
  1117 | D:2      | XOM: 1-stop teleportation journey
  1543 | D:2      | XOM is BORED!
  1543 | D:2      | XOM: medium Fire miscast
  1543 | D:2      | Killed by the capriciousness of Xom

Dungeon Overview and Level Annotations

Branches:
Dungeon (2/15)

Altars:
Okawaru
Vehumet


Message History

There is an open door here.
Xom is getting BORED.
Found a smoky red potion.
A rat comes into view.
A rat is nearby!
The rat misses you.
You closely miss the rat. The rat bites you but does no damage.
You hit the rat.
You kill the rat!
No target in view!
No target in view!
No target in view!
No target in view!
No target in view!
You see here a rat skeleton.
You open the door.
There is an open door here.
There is an open door here.
There is an open door here.
You open the door.
There is an open door here.
You see here a stone.
You see here a stone.
Xom is getting BORED.
Xom is getting BORED.
There is an open door here.
Xom is getting BORED.
You are now a BORING thing.
You now have 64 gold pieces (gained 16).
Done exploring.
Really walk into that teleport trap?
You enter a teleport trap!
The teleport trap disappears.
Your surroundings seem slightly different.
You start waiting.
You hear Xom's maniacal laughter.
The fire burns you terribly!
You are caught in a fiery explosion!
The explosion engulfs you! The fire burns you terribly!
Ouch! That really hurt!
You die...
Xom laughs nastily!

There were no monsters in sight!

Vanquished Creatures
  An adder (D:2)
  A worm (D:2)
  2 giant cockroaches (D:2)
  8 goblins
  6 hobgoblins
  3 jackals (D:1)
  5 bats (D:1)
  4 giant newts
  6 kobolds (D:2)
  9 rats
45 creatures vanquished.

Action                   || total
-------------------------++-------
Melee: Falchion          ||   131
  Use: Scroll            ||     6

Vault maps used:
D:1:      sevenhm_arrival_forest_fort_small_3
D:2:      lemuel_round_altar, vehumet_crystals
